 Dungeon Crawl Stone Soup version 0.21.0-3-g78d12a8 (webtiles) character file.

3259 toffzen the Ruffian (level 9, 0/130 HPs)
             Began as a Troll Transmuter on Jan 14, 2018.
             Was a Priest of Okawaru.
             Slain by a troll (2 damage)
             ... on level 9 of the Dungeon.
             The game lasted 00:23:53 (6974 turns).

toffzen the Ruffian (Troll Transmuter)              Turns: 6974, Time: 00:23:54

Health: 0/130      AC: 24    Str: 20    XL:     9   Next: 68%
Magic:  10/11      EV:  1    Int: 12    God:    Okawaru [***...]
Gold:   431        SH:  4    Dex: 10    Spells: 2/10 levels left

rFire    . . .     SeeInvis .     - Unarmed
rCold    . . .     Gourm    +   (no shield)
rNeg     + + +     Faith    .   (armour currently unavailable)
rPois    +         Spirit   .   (helmet currently unavailable)
rElec    .         Reflect  +   (cloak currently unavailable)
rCorr    .         Harm     .   (gloves unavailable)
MR       .....     NoTele   +   (boots unavailable)
Stlth    +++.......             q - +4 amulet of reflection
HPRegen  0.71/turn              M - ring of wizardry
MPRegen  0.12/turn              (no ring)

@: tree-form, heroism
A: large, unfitting armour, fast metabolism 3, gourmand, regeneration 1
a: Heroism, Renounce Religion


You were on level 9 of the Dungeon.
You worshipped Okawaru.
Okawaru was most pleased with you.
You were completely stuffed.
You were a tree.
You visited 2 branches of the dungeon, and saw 10 of its levels.

You collected 431 gold pieces.

Inventory:

Missiles
 a - 97 arrows
 f - 29 sling bullets
 h - 92 stones (quivered)
Armour
 b - a +0 robe (melded)
 z - a +1 hat (melded)
 L - a +2 cloak of invisibility (melded)
Jewellery
 q - a +4 amulet of reflection (around neck)
 A - an uncursed amulet of rage
 M - a ring of wizardry (left branch)
Wands
 x - a wand of acid (4)
 y - a wand of scattershot (6)
 C - a wand of iceblast (13)
 D - a wand of polymorph (8)
 E - a wand of clouds (4)
 J - a wand of paralysis (19)
 K - a wand of random effects (26)
Scrolls
 e - 8 scrolls of remove curse
 g - 2 scrolls of immolation {unknown}
 i - a scroll of magic mapping
 m - a scroll of noise
 p - a scroll of enchant weapon {unknown}
 r - a scroll of fog {unknown}
 s - 3 scrolls of blinking {unknown}
 t - 2 scrolls of random uselessness {unknown}
 v - 4 scrolls of teleportation
 w - 2 scrolls of enchant armour {unknown}
 O - a scroll of amnesia
 P - a scroll of vulnerability {unknown}
 Q - a scroll of identify
Potions
 j - 5 potions of degeneration
 n - 5 potions of brilliance
 o - 2 potions of curing {unknown}
 u - a potion of cancellation {unknown}
 B - a potion of berserk rage {unknown}
 F - 2 potions of magic
 H - 2 potions of might {unknown}
Books
 c - a book of Changes

   Spells                             Type                      Level
   a - Beastly Appendage              Transmutation                1
   b - Sticks to Snakes               Transmutation                2
   c - Spider Form                    Transmutation/Poison         3
   d - Ice Form                       Ice/Transmutation            4
   e - Blade Hands                    Transmutation                5
 G - a book of Callings

   Spells                             Type                      Level
   a - Summon Small Mammal            Summoning                    1
   b - Call Imp                       Summoning                    2
   c - Call Canine Familiar           Summoning                    3
   d - Summon Guardian Golem          Hexes/Summoning              3
   e - Summon Lightning Spire         Summoning/Air                4
   f - Summon Ice Beast               Ice/Summoning                4
 I - a book of Necromancy

   Spells                             Type                      Level
   a - Pain                           Necromancy                   1
   b - Animate Skeleton               Necromancy                   1
   c - Vampiric Draining              Necromancy                   3
   d - Regeneration                   Charms/Necromancy            3
   e - Animate Dead                   Necromancy                   4
   f - Borgnjor's Vile Clutch         Necromancy/Earth             5
 N - a book of Maledictions

   Spells                             Type                      Level
   a - Corona                         Hexes                        1
   b - Ensorcelled Hibernation        Hexes/Ice                    2
   c - Confuse                        Hexes                        3
   d - Tukima's Dance                 Hexes                        3
   e - Dazzling Spray                 Conjuration/Hexes            3
Comestibles
 d - 14 rations
 R - 3 chunks of flesh


   Skills:
 + Level 4.8(9.8) Fighting
 - Level 1.5(6.5) Dodging
 - Level 0.1(5.1) Stealth
 + Level 7.2(12.2) Unarmed Combat
 - Level 1.2 Spellcasting
 * Level 6.9 Transmutations
 + Level 5.0 Invocations


You had 2 spell levels left.
You knew the following spells:

 Your Spells              Type           Power        Failure   Level  Hunger
a - Beastly Appendage     Tmut           ###...       1%          1    ##.....
b - Sticks to Snakes      Tmut           ###.....     1%          2    ###....
c - Blade Hands           Tmut           ###.......   19%         5    ######.


Dungeon Overview and Level Annotations

Branches:
Dungeon (8/15)             Temple (1/1) D:4
   Lair: D:8-11

Altars:
Ashenzari
Elyvilon
Fedhas
Hepliaklqana
Kikubaaqudgha
Makhleb
Nemelex Xobeh
Okawaru
Qazlal
Ru
Sif Muna
Vehumet
Wu Jian
Xom
Yredelemnul
Zin
The Shining One

Shops:
D:4 %


Innate Abilities, Weirdness & Mutations

You are too large for most types of armour.
((You have claws for hands.))
Your metabolism is lightning-fast.
You like to eat raw meat.
Your natural rate of healing is unusually fast.
((You are covered in fur. (AC +1)))
((You have very tough skin. (AC +2)))


Message History

Unknown command.
Unknown command.
Unknown command.
Your horns disappear.
You turn into a tree.
Your +2 cloak of invisibility melds into your body.
Your +1 hat melds into your body.
Your +0 robe melds into your body.
Your roots penetrate the ground.
The troll bites you but does no damage.
The troll claws you but does no damage. x2
You barely miss the troll.
The troll is heavily wounded.
The troll bites you but does no damage.
The troll claws you but does no damage. x2
You hit the troll.
The troll is severely wounded.
You closely miss the troll.
The troll is severely wounded.
The troll bites you.
* * * LOW HITPOINT WARNING * * *
The troll claws you but does no damage. The troll claws you.
You die...

######### ##
#.......##(..
####............
....?...........
................
.......T♣).#
############


You could see a troll.

Vanquished Creatures
  Pikel (D:6)
  Prince Ribbit (D:7)
  Menkaure (D:6)
  A water moccasin (D:6)
  3 slaves (D:6)
  A sky beast (D:7)
  2 phantoms
  A centaur (D:9)
  3 ogres
  4 bullfrogs
  6 killer bees (D:7)
  3 howler monkeys (D:7)
  5 wights (D:7)
  A bullfrog zombie (D:6)
  3 crimson imps
  3 hounds
  2 orc priests (D:5)
  2 jellies
  3 orc wizards
  Crazy Yiuf (D:7)
  8 worker ants
  15 adders
  3 gnolls (D:4)
  A river rat (D:6)
  A shadow imp (D:5)
  3 oozes
  An adder zombie (D:5)
  4 worms
  2 dart slugs
  3 leopard geckos
  13 orcs
  10 bats
  5 giant cockroaches
  9 hobgoblins
  14 jackals
  6 kobolds
  4 quokkas
  3 ball pythons
  7 frilled lizards
  5 goblins
  13 rats
177 creatures vanquished.

Vanquished Creatures (others)
  A leopard gecko (D:5)
  2 orcs (D:5)
3 creatures vanquished.

Grand Total: 180 creatures vanquished

Notes
Turn   | Place    | Note
-------+----------+-------------------------------------------
     0 | D:1      | toffzen the Troll Transmuter began the quest for the Orb.
     0 | D:1      | Reached XP level 1. HP: 18/18 MP: 1/1
   116 | D:1      | Reached XP level 2. HP: 26/26 MP: 0/2
   249 | D:1      | Learned a level 2 spell: Sticks to Snakes
   620 | D:2      | Reached XP level 3. HP: 25/32 MP: 3/3
   699 | D:2      | Reached skill level 4 in Unarmed Combat
  1053 | D:2      | Reached XP level 4. HP: 40/40 MP: 4/4
  1462 | D:3      | Found a blossoming altar of Fedhas.
  2003 | D:3      | Reached skill level 1 in Fighting
  2173 | D:4      | Found a staircase to the Ecumenical Temple.
  2178 | Temple   | Entered the Ecumenical Temple
  2207 | Temple   | Became a worshipper of Warmaster Okawaru
  2270 | D:4      | Reached XP level 5. HP: 48/48 MP: 5/5
  2824 | D:4      | Found Bohi's Food Shoppe.
  2966 | D:4      | Reached skill level 1 in Invocations
  3031 | D:4      | Reached XP level 6. HP: 47/57 MP: 6/6
  3571 | D:5      | Entered Level 5 of the Dungeon
  3580 | D:5      | Reached * piety under Okawaru
  3689 | D:5      | Reached skill level 5 in Unarmed Combat
  3705 | D:5      | Reached XP level 7. HP: 51/65 MP: 5/7
  3980 | D:5      | Learned a level 5 spell: Blade Hands
  4034 | D:5      | Found a sparkling altar of Nemelex Xobeh.
  4238 | D:5      | Found a radiant altar of Vehumet.
  4334 | D:6      | Noticed Menkaure
  4426 | D:6      | Reached ** piety under Okawaru
  4435 | D:6      | Reached XP level 8. HP: 38/75 MP: 7/9
  4603 | D:6      | Reached skill level 5 in Transmutations
  4659 | D:6      | Noticed Pikel
  4712 | D:6      | Killed Pikel
  4712 | D:6      | Reached skill level 6 in Unarmed Combat
  4971 | D:6      | Found a deep blue altar of Sif Muna.
  5107 | D:6      | Found a glowing golden altar of the Shining One.
  5127 | D:6      | Killed Menkaure
  5202 | D:6      | Reached *** piety under Okawaru
  5798 | D:7      | Reached XP level 9. HP: 84/84 MP: 8/11
  6321 | D:7      | Reached skill level 7 in Unarmed Combat
  6334 | D:7      | Noticed Prince Ribbit
  6365 | D:7      | Killed Prince Ribbit
  6622 | D:7      | Found a runed door.
  6629 | D:7      | Noticed Crazy Yiuf
  6633 | D:7      | Killed Crazy Yiuf
  6799 | D:8      | Noticed a death yak
  6852 | D:8      | Reached skill level 5 in Invocations
  6946 | D:8      | You fall through a shaft!
  6946 | D:9      | Noticed a troll
  6967 | D:9      | HP: 3/85 [centaur (6)]
  6967 | D:9      | HP: 1/85 [centaur (2)]
  6974 | D:9      | HP: 2/130 [troll (3)]
  6974 | D:9      | Slain by a troll

Skill      XL: |  1  2  3  4  5  6  7  8  9 |
---------------+----------------------------+-----
Transmutations | 2 3 4 5 6 |  6.9
Unarmed Combat | 4 5 6 7 |  7.2
Fighting       | 1 2 3 4 |  4.8
Invocations    | 1 3 4 5 |  5.0
Dodging        | |  1.5
Stealth        | |  0.1
Spellcasting   | |  1.2

Action                   |  1- 3 |  4- 6 |  7- 9 || total
-------------------------+-------+-------+-------++-------
Melee: Unarmed           |    98 |   181 |   284 ||   563
       Punch             |     3 |     5 |     4 ||    12
       Headbutt          |       |       |     8 ||     8
       Kick              |       |       |     1 ||     1
Throw: Stone             |       |    19 |     6 ||    25
 Cast: Beastly Appendage |       |       |     9 ||     9
Invok: Heroism           |       |     1 |    13 ||    14
  Use: Scroll            |       |     9 |     1 ||    10
       Potion            |       |       |     7 ||     7
 Stab: Sleeping          |     2 |     1 |     1 ||     4
  Eat: Chunk             |    15 |    23 |    32 ||    70
Armor: Robe              |    23 |    68 |    48 ||   139
       Skin              |       |       |     7 ||     7
Dodge: Dodged            |    35 |    76 |   136 ||   247
Block: Other             |       |     2 |    38 ||    40
       Reflection        |       |       |     2 ||     2
